 Dungeon Crawl Stone Soup version 0.29.1-15-g9cfb28693d (webtiles) character file.

Game seed: 13851854332295175332

88 monsoonserge the Conjurer (level 4, -4/31 (32) HPs)
             Began as a Gnoll Conjurer on Apr 30, 2023.
             Slain by Crazy Yiuf
             ... wielding a +4 quarterstaff of chaos
              (5 damage)
             ... on level 2 of the Dungeon.
             The game lasted 00:05:28 (2060 turns).

monsoonserge the Conjurer (Gnoll Conjurer)          Turns: 2060, Time: 00:05:29

HP:   -4/31 (32)    AC:  3    Str:  7    XL:     4   Next: 54%
MP:   16/20         EV:  6    Int: 19    God:
Gold: 121           SH:  0    Dex: 10    Spells: 12/13 levels left

rFire   . . .      SeeInvis .   l - +2 hand axe (elec)
rCold   + . .      Faith    .   (no shield)
rNeg    . . .      Spirit   .   q - +0 leather armour
rPois   .          Reflect  .   (no helmet)
rElec   .          Harm     .   (no cloak)
rCorr   .          Rampage  .   (no gloves)
Will    .....                   (no boots)
Stlth   ++........              (no amulet)
HPRegen 0.10/turn               o - ring of protection from cold
MPRegen 0.17/turn               p - ring of magical power

@: petrifying (expiring), lightly drained, invisible, very slow
A: fangs 1, strong nose, distributed training
a: no special abilities


You were on level 2 of the Dungeon.
You visited 1 branch of the dungeon, and saw 2 of its levels.

You collected 121 gold pieces.

Inventory:

Hand Weapons
 c - a +0 vampiric short sword
 l - a +2 hand axe of electrocution (weapon)
Missiles
 e - 8 poisoned darts
 f - 7 stones
Armour
 g - a +0 scale mail
 q - a +0 leather armour (worn)
Jewellery
 o - a ring of protection from cold (left hand)
 p - a ring of magical power (right hand)
Scrolls
 h - a scroll of fear {unknown}
 i - a scroll of poison {unknown}
 m - 5 scrolls of identify {unknown}
 n - a scroll of teleportation {unknown}
Potions
 b - 2 potions of magic
 d - 2 potions of heal wounds {unknown}
 j - 2 potions of brilliance {unknown}
 k - a potion of curing {unknown}


   Skills:
 + Level 1.2 Fighting
 + Level 1.2 Short Blades
 + Level 1.2 Long Blades
 + Level 1.2 Axes
 + Level 1.2 Maces & Flails
 + Level 1.2 Polearms
 + Level 1.2 Staves
 + Level 1.2 Ranged Weapons
 + Level 1.2 Throwing
 + Level 1.2 Armour
 + Level 4.7 Dodging
 + Level 4.3 Stealth
 + Level 1.2 Shields
 + Level 1.2 Unarmed Combat
 + Level 5.1 Spellcasting
 + Level 7.1 Conjurations
 + Level 1.0 Hexes
 + Level 1.0 Summonings
 + Level 1.0 Necromancy
 + Level 1.0 Translocations
 + Level 1.0 Transmutations
 + Level 1.0 Fire Magic
 + Level 1.0 Ice Magic
 + Level 1.0 Air Magic
 + Level 1.0 Earth Magic
 + Level 1.0 Poison Magic
 + Level 1.3 Invocations
 + Level 1.2 Evocations


You had 12 spell levels left.
You knew the following spells:

 Your Spells              Type           Power      Damage    Failure   Level
a - Magic Dart            Conj           100%       1d8       1%          1

Your spell library contained the following spells:

 Spells                   Type           Power      Damage    Failure   Level
 Searing Ray              Conj           64%        2d6       1%          2
 Dazzling Flash           Conj/Hex       40%        N/A       10%         3
 Apportation              Tloc           16%        N/A       12%         1
 Necrotise                Necr           32%        1d5       12%         1
 Summon Small Mammal      Summ           32%        N/A       12%         1
 Fulminant Prism          Conj/Hex       10%        3d9       32%         4
 Iskenderun's Mystic Bla  Conj/Tloc      20%        2d6       32%         4
 Ozocubu's Armour         Ice            8%         N/A       34%         3
 Metabolic Englaciation   Hex/Ice        4%         N/A       97%         5
 Simulacrum               Ice/Necr       4%         N/A       100%        6


Dungeon Overview and Level Annotations

Branches:
Dungeon (2/15)

Altars:
Nemelex Xobeh

Annotations:
D:2 Crazy Yiuf


Innate Abilities, Weirdness & Mutations

You have very sharp teeth.
Your uncanny sense of smell can sniff out nearby items.
Your experience applies equally to all skills.


Message History

Press: ? - help, Shift-Dir - straight line, f - Crazy Yiuf
Aim: Crazy Yiuf, wielding a +4 quarterstaff of chaos and wearing a +2 cloak (100% to hit)
The magic dart hits Crazy Yiuf.
Crazy Yiuf is lightly wounded.
Crazy Yiuf hits you with a +4 quarterstaff of chaos.
You feel drained.
Casting: Magic Dart (safe; 1% risk of failure)
Confirm with . or Enter, or press ? or * to list all spells.
Aiming: Magic Dart (safe; 1% risk of failure)
Press: ? - help, Shift-Dir - straight line, f/p - Crazy Yiuf
Aim: Crazy Yiuf, wielding a +4 quarterstaff of chaos and wearing a +2 cloak (lightly wounded, 100% to hit)
The magic dart hits Crazy Yiuf but does no damage.
Crazy Yiuf is lightly wounded.
Crazy Yiuf says, "Cholesterol high canine!"
Crazy Yiuf hits you with a +4 quarterstaff of chaos!
You are slowing down.
Casting: Magic Dart (safe; 1% risk of failure)
Confirm with . or Enter, or press ? or * to list all spells.
Aiming: Magic Dart (safe; 1% risk of failure)
Press: ? - help, Shift-Dir - straight line, f/p - Crazy Yiuf
Aim: Crazy Yiuf, wielding a +4 quarterstaff of chaos and wearing a +2 cloak (lightly wounded, 100% to hit)
The magic dart hits Crazy Yiuf.
Crazy Yiuf is moderately wounded.
Crazy Yiuf hits you with a +4 quarterstaff of chaos!
* * * LOW HITPOINT WARNING * * *
You fade into invisibility!
Your limbs are stiffening.
Casting: Magic Dart (safe; 1% risk of failure)
Confirm with . or Enter, or press ? or * to list all spells.
Aiming: Magic Dart (safe; 1% risk of failure)
Press: ? - help, Shift-Dir - straight line, f/p - Crazy Yiuf
Aim: Crazy Yiuf, wielding a +4 quarterstaff of chaos and wearing a +2 cloak (moderately wounded, unable to see you, 100% to hit)
The magic dart hits Crazy Yiuf.
Crazy Yiuf is severely wounded.
Crazy Yiuf hits you with a +4 quarterstaff of chaos.
* * * LOW HITPOINT WARNING * * *
Crazy Yiuf burns you.
Crazy Yiuf screams, "Candle!
Cod sallow chair."
Crazy Yiuf hits you with a +4 quarterstaff of chaos!
You die...

.........#
#....#
...#.....#
#....#
.#.#..####
♣...P♣ .#....#
♣♣.P.♣ .###..#
♣♣.♣♣ .###..#
♣♣.♣ ......#
♣.♣♣ .###..#
♣♣.♣ .# #..##
♣@♣♣ ## #...#
#g# # #...# ...
# ##..# #...#
## #..# ###
#)..# .##
#..###.# #####
..# #..##..#
..#
#......########
..#
#.##..........#


You could see Crazy Yiuf (unable to see you).

Vanquished Creatures
  3 adders (D:2)
  A worm (D:2)
  4 dart slugs (D:1)
  2 ball pythons (D:1)
  7 endoplasms
  3 giant cockroaches
  A goblin (D:1)
  7 hobgoblins
  A jackal (D:2)
  5 quokkas
  2 bats
  4 frilled lizards
  2 kobolds (D:1)
  5 rats
47 creatures vanquished.

Vanquished Creatures (others)
  3 fungi (D:2)
3 creatures vanquished.

Grand Total: 50 creatures vanquished

Notes
Turn   | Place    | Note
-------+----------+-------------------------------------------
     0 | D:1      | monsoonserge the Gnoll Conjurer began the quest for the
                  | Orb.
     0 | D:1      | Reached XP level 1. HP: 13/13 MP: 6/6
   126 | D:1      | Reached XP level 2. HP: 14/19 MP: 1/7
   387 | D:1      | Found a faded altar of an unknown god.
   544 | D:1      | Reached skill level 5 in Spellcasting
   544 | D:1      | Reached XP level 3. HP: 25/25 MP: 5/9
   746 | D:1      | Reached skill level 1 in Invocations
  1164 | D:2      | Reached skill level 1 in Fighting
  1164 | D:2      | Reached skill level 1 in Short Blades
  1164 | D:2      | Reached skill level 1 in Long Blades
  1164 | D:2      | Reached skill level 1 in Axes
  1164 | D:2      | Reached skill level 1 in Maces & Flails
  1164 | D:2      | Reached skill level 1 in Polearms
  1164 | D:2      | Reached skill level 1 in Staves
  1164 | D:2      | Reached skill level 1 in Ranged Weapons
  1164 | D:2      | Reached skill level 1 in Throwing
  1164 | D:2      | Reached skill level 1 in Armour
  1164 | D:2      | Reached skill level 1 in Shields
  1164 | D:2      | Reached skill level 1 in Unarmed Combat
  1164 | D:2      | Reached skill level 1 in Evocations
  1253 | D:2      | Reached XP level 4. HP: 32/32 MP: 6/11
  1437 | D:2      | Reached skill level 1 in Hexes
  1437 | D:2      | Reached skill level 1 in Summonings
  1437 | D:2      | Reached skill level 1 in Necromancy
  1437 | D:2      | Reached skill level 1 in Translocations
  1437 | D:2      | Reached skill level 1 in Transmutations
  1437 | D:2      | Reached skill level 1 in Fire Magic
  1437 | D:2      | Reached skill level 1 in Ice Magic
  1437 | D:2      | Reached skill level 1 in Air Magic
  1437 | D:2      | Reached skill level 1 in Earth Magic
  1437 | D:2      | Reached skill level 1 in Poison Magic
  1475 | D:2      | Found a sparkling altar of Nemelex Xobeh.
  1998 | D:2      | Found a runed translucent door.
  1999 | D:2      | Noticed Crazy Yiuf
  2060 | D:2      | HP: 1/31 [Crazy Yiuf/+4 quarterstaff of chaos (4)]
  2060 | D:2      | Slain by Crazy Yiuf

Illustrated notes

Levels and vault maps discovered:
D:1:      kilobyte_arrival_exit_the_forest, layout_rooms,
          shapermc_ecumenical_altar_starsandcircs, minmay_close_crescents
D:2:      layout_rooms, minmay_hexomino_r4, uniq_crazy_yiuf_cottage

Skill      XL: |  1  2  3  4 |
---------------+-------------+-----
Spellcasting   | 5 |  5.1
Invocations    | 1 |  1.3
Fighting       | 1 |  1.2
Short Blades   | 1 |  1.2
Long Blades    | 1 |  1.2
Axes           | 1 |  1.2
Maces & Flails | 1 |  1.2
Polearms       | 1 |  1.2
Staves         | 1 |  1.2
Ranged Weapons | 1 |  1.2
Throwing       | 1 |  1.2
Armour         | 1 |  1.2
Shields        | 1 |  1.2
Unarmed Combat | 1 |  1.2
Evocations     | 1 |  1.2
Hexes          | 1 |  1.0
Summonings     | 1 |  1.0
Necromancy     | 1 |  1.0
Translocations | 1 |  1.0
Transmutations | 1 |  1.0
Fire Magic     | 1 |  1.0
Ice Magic      | 1 |  1.0
Air Magic      | 1 |  1.0
Earth Magic    | 1 |  1.0
Poison Magic   | 1 |  1.0
Dodging        | |  4.7
Stealth        | |  4.3
Conjurations   | |  7.1

Action                   |  1- 3 |  4- 6 || total
-------------------------+-------+-------++-------
Melee: Short sword       |     3 |       ||     3
       Hand axe          |     1 |     8 ||     9
 Cast: Magic Dart        |    61 |    29 ||    90
Armor: Scale mail        |     4 |     3 ||     7
Dodge: Dodged            |     5 |     5 ||    10
